 Dungeon Crawl Stone Soup version 0.28.0-47-ge53b351184 (webtiles) character file.

Game seed: 6732874477265261296

280 Peloso the Slasher (level 6, -1/53 HPs)
             Began as a Minotaur Fighter on Apr 29, 2022.
             Slain by a two-headed ogre
             ... wielding a +0 giant club
              (17 damage)
             ... on level 4 of the Dungeon.
             The game lasted 00:04:17 (2647 turns).

Peloso the Slasher (Minotaur Fighter)               Turns: 2647, Time: 00:04:18

Health: -1/53      AC:  8    Str: 21    XL:     6   Next: 5%
Magic:  5/5        EV:  9    Int:  5    God:
Gold:   135        SH:  5    Dex: 11    Spells: 5/5 levels left

rFire   . . .      SeeInvis .   a - +0 long sword (freeze)
rCold   + . .      Faith    .   c - +0 buckler
rNeg    . . .      Spirit   .   b - +0 scale mail
rPois   .          Reflect  .   (helmet restricted)
rElec   .          Harm     .   j - +0 cloak
rCorr   .          Rampage  .   (no gloves)
Will    .....                   (no boots)
Stlth   ..........              (no amulet)
HPRegen 0.17/turn               k - ring of protection from cold
MPRegen 0.09/turn               (no ring)

@: mighty
A: horns 2, retaliatory headbutt
a: no special abilities


You were on level 4 of the Dungeon.
You visited 1 branch of the dungeon, and saw 4 of its levels.

You collected 135 gold pieces.

Inventory:

Hand Weapons
 a - a +0 long sword of freezing (weapon)
Armour
 b - a +0 scale mail (worn)
 c - a +0 buckler (worn)
 j - a +0 cloak (worn)
Jewellery
 k - a ring of protection from cold (left hand)
Scrolls
 f - a scroll of amnesia
 l - a scroll of noise
Potions
 h - a potion of attraction {unknown}
 i - a potion of cancellation


   Skills:
 + Level 4.6 Fighting
 + Level 5.6 Long Blades
 + Level 4.5 Armour
 + Level 1.4 Dodging
 + Level 4.5 Shields


You had 5 spell levels left.
You didn't know any spells.
Your spell library contained the following spells:

 Spells                   Type           Power      Damage    Failure   Level
 Animate Skeleton         Necr           0%         N/A       88%         1
 Pain                     Necr           0%         1d4       88%         1
 Scorch                   Fire           0%         2d5       95%         2
 Vampiric Draining        Necr           0%         2d6       99%         3
 Flame Wave               Conj/Fire      0%         2d4       100%        4
 Summon Cactus Giant      Summ           0%         N/A       100%        6


Dungeon Overview and Level Annotations

Branches:
Dungeon (4/15)
 Temple: D:4-7

Altars:

Shops:
D:3 ?


Innate Abilities, Weirdness & Mutations

You have a pair of horns on your head.
You reflexively headbutt those who attack you in melee.


Message History

You kill the adder!
Found 19 sling bullets.
You see here an adder corpse.
You pick up a book of Scorching and begin reading...
You add the spells Scorch, Flame Wave and Summon Cactus Giant to your library.
You open the door.
Key pressed, stopping explore.
There is an open door here.
The adder hisses angrily.
You open the door.
There is an open door here.
A necrophage comes into view.
Found a stone staircase leading up.
You hit the necrophage.
The necrophage is lightly damaged.
The necrophage hits you.
You hit the necrophage. You freeze the necrophage. You headbutt the necrophage!
The necrophage is almost destroyed.
The necrophage hits you.
You hit the necrophage. You freeze the necrophage.
You destroy the necrophage!
Your Long Blades skill increases to level 5!
You have reached level 6!
HP restored.
You now have 135 gold pieces (gained 13).
A two-headed ogre comes into view.
It is wielding a +0 giant club and a +0 dire flail.
The two-headed ogre shouts in stereo!
You hear a shout!
An orc comes into view. It is wielding a +0 mace.
There are monsters nearby!
There are monsters nearby!
Okay, then.
Okay, then.
You feel very mighty all of a sudden.
You closely miss the two-headed ogre.
The two-headed ogre hits you with a +0 giant club!!
The two-headed ogre hits you with a +0 dire flail!!
You hit the two-headed ogre. You freeze the two-headed ogre.
The two-headed ogre is lightly wounded.
The two-headed ogre hits you with a +0 giant club!
You die...

##'## #.# ###.........
...# ##.###.....######
...######......##.##
..........#.####..#
#.###.......## #..#
#...#######..###..## .
###.# #..#.....# ##.#
.#
##...###.#######..... .
. #....@Oo........# ##
##....###.......#
#.####......##.#####..#
#.......#.#..#.#####
....
...................#
#.#.
...................# Oo
........##.........# #
.....................
........#######....#..


You could see a two-headed ogre and an orc.

Vanquished Creatures
  A necrophage (D:4)
  An orc wizard (D:3)
  3 adders
  4 gnolls (D:3)
  2 worms
  4 dart slugs
  3 orcs (D:3)
  5 ball pythons
  8 bats
  7 endoplasms
  5 giant cockroaches
  6 hobgoblins
  12 jackals (D:1)
  6 kobolds
  2 quokkas (D:1)
  4 frilled lizards
  7 goblins
  10 rats
90 creatures vanquished.

Notes
Turn   | Place    | Note
-------+----------+-------------------------------------------
     0 | D:1      | Peloso the Minotaur Fighter began the quest for the Orb.
     0 | D:1      | Reached XP level 1. HP: 19/19 MP: 0/0
    56 | D:1      | Reached XP level 2. HP: 21/27 MP: 1/1
   272 | D:1      | Reached skill level 3 in Long Blades
   272 | D:1      | Reached XP level 3. HP: 26/33 MP: 2/2
   940 | D:2      | Reached XP level 4. HP: 36/40 MP: 3/3
  1082 | D:2      | Reached skill level 4 in Long Blades
  1509 | D:3      | Reached skill level 1 in Dodging
  1547 | D:3      | Reached XP level 5. HP: 47/47 MP: 4/4
  1716 | D:3      | Found Soonute's Magic Scroll Emporium.
  2557 | D:4      | Noticed a sky beast
  2557 | D:4      | Noticed a wyvern
  2599 | D:4      | Noticed a necrophage
  2605 | D:4      | Killed a necrophage
  2606 | D:4      | Reached skill level 5 in Long Blades
  2606 | D:4      | Reached XP level 6. HP: 51/53 MP: 5/5
  2632 | D:4      | Noticed a two-headed ogre
  2647 | D:4      | Slain by a two-headed ogre

Illustrated notes

Levels and vault maps discovered:
D:1:      minmay_arrival_five_plusses, layout_rooms, minmay_tripent
D:2:      layout_rooms
D:3:      layout_basic, serial_shops, nicolae_shop_hallway_plus
D:4:      minmay_goblin_kobold_castle, layout_rooms, serial_shops, shop_statue,
          minmay_misc_feat_four_crosses, abandoned_shop, lightli_corner_chamber

Skill      XL: |  1  2  3  4  5 |
---------------+----------------+-----
Shields        | 4 |  4.5
Fighting       | 4 |  4.6
Long Blades    | 3 4 5 |  5.6
Armour         | 4 |  4.5
Dodging        | 1 |  1.4

Action                   |  1- 3 |  4- 6 || total
-------------------------+-------+-------++-------
Melee: Long sword        |   129 |    67 ||   196
       Headbutt          |    11 |     9 ||    20
  Use: Potion            |     1 |     1 ||     2
       Scroll            |       |     7 ||     7
Armor: Scale mail        |    80 |    31 ||   111
Dodge: Dodged            |    69 |    25 ||    94
Block: Buckler           |    44 |    15 ||    59
